[Event "Early-Titled-Tuesday-Blitz-June-18-2024"]
[Site "Chess.com"]
[Date "2024.06.18"]
[Round "7"]
[White "LLariMarc"]
[Black "WilliamAlfaroCaracas"]
[Result "0-1"]
[WhiteElo "2475"]
[BlackElo "2358"]
[TimeControl "180+1"]
[EndTime "9:20:38 PDT"]
[Termination "WilliamAlfaroCaracas won by checkmate"]

1. g3 g6 2. Bg2 Bg7 3. d3 d5 4. Nd2 Nf6 5. e3 c5 6. Ne2 Nc6 7. a3 e5 8. b3 h5 9. h3 Be6 10. Bb2 Qd7 11. Kf1 O-O 12. Kg1 b5 13. Kh2 a5 14.
Rf1 a4 15. e4 dxe4 16. Nxe4 Nxe4 17. Bxe4 axb3 18. cxb3 Rac8 19. Ng1 Na5 20. b4 Nb3 21. Rb1 Rfd8 22. Bc3 c4 23. dxc4 Qxd1 24. Rfxd1 Rxd1 25. Rxd1 Rxc4 26. Rd8+ Kh7 27. Bd3 Rxc3 28. Bxb5 Nd4 29. Be8 Rxa3 30. b5 Rb3 31. Rb8 e4 32. h4 Rb2 33. Kg2 Bd5 34. Kf1 Bc4+ 35. Ke1 Bxb5 36. Bxb5 Rxb5 37. Rxb5 Nxb5 38. Ne2 f5 39. Nf4 Nd4 40.
Nh3 Bf6 41. Kd2 Kg7 42. Ke3 Nf3 43. Nf4 Ne5 44. Ne6+ Kf7 45. Nf4 Ng4+ 46. Ke2 Be5 47. Nh3 Kf6 48. Ng5 Bd4 49. f3 exf3+ 50. Kxf3 Be5 51. Kg2 Ne3+ 52. Kf2 Nd5 53. Nh7+ Kg7 54. Ng5 Bf6 55. Ne6+ Kf7 56. Ng5+ Bxg5 57. hxg5 Ke6 58. Ke2 Ke5 59. Kf3 Nc3 60. Kg2 Ne4 61. Kh3 Nxg5+ 62. Kh4 Ne4 63. g4 Kf4 64. g5 Nd6 65. Kh3 Kxg5 66. Kg3 Kf6 67. Kh4 g5+ 68. Kxh5 Ne4 69. Kh6 g4 70. Kh7 Kf7 71. Kh6 g3 72. Kh5 g2 73. Kh4 g1=Q 74. Kh3 Qg3# 0-1

[Event "Early-Titled-Tuesday-Blitz-June-18-2024"]
[Site "Chess.com"]
[Date "2024.06.18"]
[Round "7"]
[White "jcibarra"]
[Black "K_A_S_T_O_R"]
[Result "1/2-1/2"]
[WhiteElo "3010"]
[BlackElo "2853"]
[TimeControl "180+1"]
[EndTime "9:20:40 PDT"]
[Termination "Game drawn by repetition"]

1. e4 c5 2. Nf3 d6 3. c3 Nf6 4. h3 g6 5. Bd3 Bg7 6. Bc2 e5 7. d4 exd4 8. cxd4 cxd4 9. Nxd4 O-O 10. O-O Re8 11. Nc3 Nc6 12. Ndb5 Re6 13. Bb3 Re7 14. Nxd6 Be6 15. Bf4 Rd7 16. Bxe6 fxe6 17. Bh2 Ne8 18.
Ncb5 a6 19. Qb3 Nxd6 20. Nxd6 Rxd6 21. Bxd6 Qxd6 22. Qxb7 Ra7 23. Qc8+ Kf7 24. Rac1 Nd4 25. Rfd1 Bh6 26. Rb1 e5 27. Qh8 Bg7 28. Qxh7 Qf6 29.
h4 Rc7 30. h5 g5 31. Kf1 Rc2 32. Qg6+ Qxg6 33. hxg6+ Kxg6 34. Rdc1 Rd2 35. Rd1 Rxd1+ 36. Rxd1 Bf8 37. Rc1 a5 38. Rc8 Bb4 39. a3 Bd2 40.
Rc5 Kf6 41. f3 g4 42. Kf2 gxf3 43. gxf3 Ke6 44. Rd5 a4 45. Rd8 Nb3 46. Ra8 Nc5 47. Rc8 Kd6 48. Rd8+ Nd7 49. Ra8 Nb6 50. Rd8+ Nd7 51.
Ra8 Nb6 52. Rd8+ Nd7 1/2-1/2

[Event "Early-Titled-Tuesday-Blitz-June-18-2024"]
[Site "Chess.com"]
[Date "2024.06.18"]
[Round "7"]
[White "glucolisis04"]
[Black "eltenedor"]
[Result "1-0"]
[WhiteElo "2288"]
[BlackElo "2121"]
[TimeControl "180+1"]
[EndTime "9:20:42 PDT"]
[Termination "glucolisis04 won on time"]

1. d4 d5 2. c4 dxc4 3. e4 Nf6 4.
e5 Nd5 5. Bxc4 Nb6 6. Bb3 Nc6 7. Nf3 Bf5 8. a3 e6 9. Be3 Be7 10. O-O O-O 11. Nc3 Bg4 12. Ne4 Na5 13. Bc2 Nac4 14. Qd3 g6 15. b3 Nxa3 16. Rxa3 Bxa3 17. Nf6+ Kh8 18. Nxg4 Nd5 19. Bg5 Be7 20. Bxe7 Qxe7 21. Qe4 c6 22. Bd3 b5 23. Rc1 Rfc8 24. h4 Qa3 25. Rc5 Qxb3 26. Rxd5 Qxd5 27. Qf4 Qd8 28. Nf6 Qf8 29. Ng5 h6 30. Nge4 Qg7 31. Nd7 Rc7 32. Ndc5 a5 33. Nd6 a4 34. Qc1 a3 35.
Nb3 a2 36. Bxb5 a1=Q 37. Nxa1 Rxa1 38. Qxa1 cxb5 39. Nxb5 Rc8 40. Nd6 Rb8 41. Qa7 Rf8 42. Qe7 g5 43. hxg5 hxg5 44. Ne4 g4 45. Nf6 Rb8 46. g3 Rb1+ 47. Kg2 Rb2 48. Qe8+ 1-0

[Event "Early-Titled-Tuesday-Blitz-June-18-2024"]
[Site "Chess.com"]
[Date "2024.06.18"]
[Round "7"]
[White "Korchmar_Vasiliy"]
[Black "Fandorine"]
[Result "0-1"]
[WhiteElo "2651"]
[BlackElo "2939"]
[TimeControl "180+1"]
[EndTime "9:20:43 PDT"]
[Termination "Fandorine won on time"]

1. e4 c5 2. d4 cxd4 3. Qxd4 Nc6 4. Qd3 Nf6 5. Nc3 g6 6. Nf3 d6 7. Be2 Bg7 8. O-O O-O 9. Nd5 Bg4 10. c3 Nd7 11. Bg5 Re8 12. Qe3 Nb6 13. Rad1 Bxf3 14. Qxf3 Ne5 15. Qh3 Nxd5 16. Rxd5 a6 17. b3 b5 18. f4 Qb6+ 19. Kh1 Nc6 20. f5 Ne5 21. Bf4 Rac8 22. c4 b4 23. c5 Rxc5 24. Be3 Qc7 25.
Bxc5 dxc5 26. Rfd1 Qa5 27. R1d2 Qa3 28. Rc2 c4 29.
Bxc4 Nxc4 30. bxc4 Bc3 31. Qd3 Kg7 32. c5 Qa4 33. g4 g5 34. Kg2 Rc8 35. Qe2 h6 36.
h4 gxh4 37. e5 Qc6 38. Qe4 a5 39. Qf3 a4 40. Re2 a3 41. e6 f6 42. Re4 Be5 43.
Rexe5 fxe5 44. f6+ exf6 45. e7 Qe8 46. Qf5 Rc7 0-1

[Event "Early-Titled-Tuesday-Blitz-June-18-2024"]
[Site "Chess.com"]
[Date "2024.06.18"]
[Round "7"]
[White "Karateloru"]
[Black "RantomOpening"]
[Result "1-0"]
[WhiteElo "2785"]
[BlackElo "2621"]
[TimeControl "180+1"]
[EndTime "9:20:44 PDT"]
[Termination "Karateloru won by resignation"]

1. b3 d5 2. Bb2 e6 3. Nf3 Nf6 4.
e3 Be7 5. g3 O-O 6. Bg2 b6 7.
O-O Bb7 8. c4 Nbd7 9. Nc3 c5 10.
cxd5 Nxd5 11. Qe2 N7f6 12. Rfd1 Nxc3 13. dxc3 Qc7 14. c4 Rad8 15. Be5 Qc8 16. Ne1 Bxg2 17.
Nxg2 Qc6 18. Nf4 Ne4 19. h4 Bf6 20. Qb2 Bxe5 21. Qxe5 Nd2 22. Rxd2 Rxd2 23. Nh5 f6 24. Qf4 Rfd8 25. Qg4 Qb7 26. Nxf6+ Kh8 27. Ne4 R2d3 28. Ng5 Qd7 29. Kh2 Rd2 30. Rf1 Rf8 31. Kg1 h6 32. Ne4 Rxa2 33. Rd1 Qf7 34. f4 Qf5 35. Qxf5 exf5 36.
Nf2 Re2 37. Rd3 Re8 38. Nd1 Rc2 39. Kf1 a5 40. Nc3 Rc1+ 41. Kf2 Rc2+ 42. Kf3 Rb2 43. Na4 Rc2 44. Nxb6 Rb8 45. Na4 Rc8 46. Rd5 Rc1 47.
Nxc5 Rb1 48. Rxf5 Rd8 49. Rd5 Rc8 50. e4 Rf1+ 51. Kg4 Rc1 52. e5 Rb1 53. h5 a4 54.
bxa4 Rb4 55. e6 Rxc4 56. e7 Kh7 57. Rd8 g6 58. hxg6+ Kg7 59. e8=Q R8xc5 1-0

[Event "Early-Titled-Tuesday-Blitz-June-18-2024"]
[Site "Chess.com"]
[Date "2024.06.18"]
[Round "7"]
[White "ArtemDyachuk"]
[Black "sokidze"]
[Result "0-1"]
[WhiteElo "2633"]
[BlackElo "2782"]
[TimeControl "180+1"]
[EndTime "9:20:46 PDT"]
[Termination "sokidze won by resignation"]

1. e4 c6 2. d4 d5 3. e5 Bf5 4. h4 h5 5. Bd3 Bxd3 6. Qxd3 Qa5+ 7. b4 Qxb4+ 8. Nd2 e6 9. Rb1 Qe7 10. c4 Qd7 11. Ne2 Ne7 12. O-O Nf5 13. Nf3 Be7 14. g3 dxc4 15. Qxc4 b5 16. Qd3 Na6 17.
Bd2 Nc7 18. Rfc1 Rc8 19. Nf4 Nd5 20. Nxd5 exd5 21. e6 fxe6 22. Ne5 Qb7 23. Ng6 Rg8 24.
Qf3 Bf6 25. Qxh5 Qf7 26. Qg4 Nxd4 27. Nf4 g5 28. Nxd5 Kf8 29. Nxf6 Qxf6 30. hxg5 Nf3+ 31. Kg2 Nxg5 32. Qb4+ Kf7 33. Qc3 Qxc3 34. Bxc3 Ne4 35. Bd4 c5 36. Be3 a6 37. f3 Rxg3+ 38. Kf1 Rxf3+ 39.
Ke2 Rh3 40. Rf1+ Ke7 41. Rg1 Ng3+ 42. Kf3 Nf5+ 43. Kf4 Rxe3 44. a4 b4 45. Rg7+ Nxg7 46. Rg1 Nf5 47. a5 b3 48. Rg6 b2 49. Rf6 Kxf6 0-1

[Event "Early-Titled-Tuesday-Blitz-June-18-2024"]
[Site "Chess.com"]
[Date "2024.06.18"]
[Round "7"]
[White "js20000"]
[Black "artin10862"]
[Result "0-1"]
[WhiteElo "2797"]
[BlackElo "2943"]
[TimeControl "180+1"]
[EndTime "9:20:47 PDT"]
[Termination "artin10862 won by resignation"]

1. e4 c5 2. Nf3 e6 3. c3 Nf6 4. Bd3 d5 5. e5 Nfd7 6. Bc2 Nc6 7.
d4 b6 8. O-O Ba6 9. Re1 Be7 10.
a3 Qc7 11. Bf4 Rc8 12. Bd3 Bxd3 13. Qxd3 O-O 14. Nbd2 Rfd8 15. b4 cxd4 16. cxd4 Ncb8 17. h4 Qc2 18. Qe2 Qf5 19. Bg5 Bxg5 20. Nxg5 Nc6 21. g4 Qc2 22. Ngf3 Qg6 23. g5 Ne7 24. Rac1 Nf5 25. Kh2 Rxc1 26. Rxc1 Qh5 27. Rc3 Nxh4 28. Ng1 Nf3+ 29. Kg3 Qxg5+ 30. Kxf3 Qxg1 31. Qa6 Nf8 32. Qxa7 Qh1+ 33. Ke2 b5 34. Rf3 Rd7 35. Qb8 Qh4 36.
Qxb5 Qxd4 37. Re3 g5 38. Nf3 Qf4 39. Qd3 Rc7 40. Qd4 Ng6 41. Qxf4 Nxf4+ 42. Kd2 g4 43. Nd4 Rc4 44. Rg3 Rxd4+ 45. Ke3 Re4+ 46. Kd2 h5 47. b5 Ng6 48. b6 Nxe5 49. Rb3 Nc4+ 50. Kd3 Nxb6 51. Rxb6 h4 0-1

[Event "Early-Titled-Tuesday-Blitz-June-18-2024"]
[Site "Chess.com"]
[Date "2024.06.18"]
[Round "7"]
[White "VerdeNotte"]
[Black "GM_dmitrij"]
[Result "0-1"]
[WhiteElo "2855"]
[BlackElo "3037"]
[TimeControl "180+1"]
[EndTime "9:20:48 PDT"]
[Termination "GM_dmitrij won by resignation"]

1. Nf3 d5 2. g3 Nc6 3. d4 Bf5 4.
Bg2 e6 5. O-O Nb4 6. Na3 Nc6 7.
c4 Nf6 8. Qb3 Bxa3 9. cxd5 exd5 10.
Qxa3 Qe7 11. Qxe7+ Nxe7 12. Bf4 c6 13. Be5 Be4 14.
Bxf6 gxf6 15. Nd2 Bxg2 16. Kxg2 Nf5 17. e3 a5 18. a4 Ke7 19. Rfc1 Nd6 20. Kf3 Ra6 21. Rc2 f5 22. Ke2 Rb6 23. Rb1 Rb4 24. b3 Ra8 25. f3 Rg8 26. Rbb2 h5 27. Kf2 h4 28. Nb1 hxg3+ 29. hxg3 Rh8 30. Kg1 Kd7 31. Nc3 Rg8 32. Rg2 f4 33. Na2 Rb6 34. exf4 Nf5 35. Nc1 Rxg3 36. Rxg3 Nxg3 37. Kf2 Nf5 38. Ne2 Rb4 39.
Rb1 Nxd4 40. Nxd4 Rxd4 41. Kg3 Rb4 42. Kg4 Ke6 43. Kg5 f6+ 44. Kg4 c5 45. Re1+ Kf7 46. Re3 d4 47. Rd3 Ke6 48. f5+ Ke5 49. Rd1 Rxb3 50.
Re1+ Re3 51. Rb1 d3 52. Rxb7 Kd4 53. Rd7+ Kc3 54. Kf4 Re1 55. Rc7 c4 0-1

[Event "Early-Titled-Tuesday-Blitz-June-18-2024"]
[Site "Chess.com"]
[Date "2024.06.18"]
[Round "7"]
[White "ulises2013"]
[Black "aeiiuu"]
[Result "0-1"]
[WhiteElo "2854"]
[BlackElo "2623"]
[TimeControl "180+1"]
[EndTime "9:20:49 PDT"]
[Termination "aeiiuu won on time"]

1. e4 c5 2. g3 d5 3. exd5 Qxd5 4. Nf3 Nc6 5. Bg2 Nf6 6. Nc3 Qd8 7. O-O g6 8. d3 Bg7 9. Be3 b6 10. d4 Ng4 11. dxc5 Nxe3 12. fxe3 bxc5 13. Ne5 Nxe5 14. Qxd8+ Kxd8 15. Bxa8 Bg4 16. Bg2 a6 17. Rf4 Bd7 18. Rd1 e6 19. Na4 g5 20. Rff1 Ke7 21. Nxc5 Bb5 22.
Rfe1 Rc8 23. b4 g4 24. Kf2 Rc7 25. a4 Bc4 26. Bf1 a5 27. c3 Bd5 28. e4 Ba8 29. Be2 h5 30. Rc1 Bh6 31. Rc2 Bf8 32. Rd1 Kf6 33. Bb5 Bxc5+ 34. bxc5 Bxe4 35. Rcc1 Rxc5 36. Ke3 Bf3 37. Rd4 Ng6 38. c4 h4 39. Rd8 hxg3 40.
hxg3 Ne7 41. Kd4 Re5 42. c5 Nf5+ 43. Kc4 Ne3+ 44. Kb3 Bd5+ 45. Kb2 Nf5 46. c6 Bxc6 47. Rxc6 Nxg3 48. Rg8 Kf5 49. Bd3+ Kf4 50. Rc4+ Ke3 51. Bc2 f5 52. Rc3+ Kf4 53. Rg6 Ne2 54. Rc6 Nd4 55.
Ra6 Re2 56. Kc3 Nxc2 57. Rgxe6 Ne3 58. Rxa5 g3 0-1

[Event "Early-Titled-Tuesday-Blitz-June-18-2024"]
[Site "Chess.com"]
[Date "2024.06.18"]
[Round "7"]
[White "Matols"]
[Black "Nf3c5"]
[Result "0-1"]
[WhiteElo "2358"]
[BlackElo "2599"]
[TimeControl "180+1"]
[EndTime "9:20:49 PDT"]
[Termination "Nf3c5 won on time"]

1. d4 Nf6 2. c4 Nc6 3. Nf3 e6 4. g3 Bb4+ 5. Bd2 a5 6. Bg2 d6 7. O-O e5 8. dxe5 dxe5 9. Nc3 Be6 10. b3 h6 11. Nb5 Qe7 12. Qc2 O-O 13. Rad1 Bg4 14.
Be3 a4 15. h3 axb3 16. axb3 Bh5 17. Nh4 e4 18. Nf5 Qe5 19. g4 Bxg4 20. hxg4 Nxg4 21. Ng3 Nxe3 22. fxe3 Qxg3 23. Qxe4 Rae8 24. Qf4 Rxe3 25. Nxc7 Rxb3 26. Qxg3 Rxg3 27. Kh2 Re3 28. Bf3 Re5 29. Nd5 Bc5 30. Rb1 Bd6 31. Kg2 Nd8 32. Rfd1 Rg5+ 33.
Kf2 Bc5+ 34. e3 Re8 35. Rd3 Nc6 36. Nc7 Re7 37. Rxb7 Ne5 38. Rd8+ Kh7 39. Be4+ f5 40. Bb1 Ng4+ 41. Kf3 Rxe3+ 42. Kg2 Ne5+ 43. Kf1 Rf3+ 44. Ke2 Rg2+ 45. Ke1 Bf2+ 46. Kd1 Bc5 47. Ke1 Rf4 48.
Ne6 Bf2+ 49. Kd1 Rf3 0-1

[Event "Early-Titled-Tuesday-Blitz-June-18-2024"]
[Site "Chess.com"]
[Date "2024.06.18"]
[Round "7"]
[White "Murad_Ibrahimli"]
[Black "monomita"]
[Result "0-1"]
[WhiteElo "2908"]
[BlackElo "2797"]
[TimeControl "180+1"]
[EndTime "9:20:51 PDT"]
[Termination "monomita won by resignation"]

1. d4 Nf6 2. c4 e6 3. Nf3 d5 4. Nc3 dxc4 5. e4 b5 6. e5 Nfd7 7. Nxb5 Nb6 8. Be2 Be7 9. Qc2 Nc6 10. Be3 Qd7 11. Nc3 a5 12. a3 Ba6 13. h4 h6 14. Rh3 Nd5 15. Ne4 Rb8 16. Rg3 f5 17.
exf6 gxf6 18. Nc3 f5 19. Bd2 Bf6 20. Rd1 Bxd4 21. Nxd5 exd5 22. Bc3 Bxc3+ 23. Qxc3 Rf8 24. Rg6 Rb3 25. Qxb3 cxb3 26. Bxa6 Kf7 27. h5 Re8+ 28. Kf1 Ne5 29. Rxh6 Kg7 30. Nxe5 Rxe5 31. Rg6+ Kh7 32. Bd3 c5 33. g4 Kh8 34. Ra6 fxg4 35. h6 g3 36. Kg2 gxf2 37. Ra8+ Re8 38. Rxe8+ Qxe8 39. Kxf2 Qf8+ 40. Ke2 Qxh6 41. Rf1 Qe6+ 42. Kd1 Qe3 43. Rh1+ Kg7 44. Be2 c4 45. Rf1 c3 46. Rf3 c2+ 0-1

[Event "Early-Titled-Tuesday-Blitz-June-18-2024"]
[Site "Chess.com"]
[Date "2024.06.18"]
[Round "7"]
[White "HansOnTwitch"]
[Black "Vaathi_Coming"]
[Result "0-1"]
[WhiteElo "3145"]
[BlackElo "2909"]
[TimeControl "180+1"]
[EndTime "9:20:53 PDT"]
[Termination "Vaathi_Coming won by checkmate"]

1. e4 g6 2. d4 Bg7 3. c3 d6 4.
Bd3 Nf6 5. Nf3 O-O 6. O-O c6 7. h3 Qc7 8. Nbd2 Nbd7 9. Re1 e5 10. a4 b6 11. Nf1 Re8 12. Ng3 Bb7 13. dxe5 dxe5 14.
Be3 h6 15. Qd2 Kh7 16. a5 c5 17. Qe2 Nf8 18. Bb5 Re7 19. a6 Bxe4 20. Nxe4 Nxe4 21. Bc4 Nd6 22. Bd5 Rd8 23. Rad1 e4 24. Nd2 f5 25. Bf4 Be5 26. Bxe5 Rxe5 27. c4 Rde8 28. Qe3 g5 29. f3 exf3 30. Qxe5 f2+ 31. Kxf2 Rxe5 32. Rxe5 Ne4+ 33. Rxe4 fxe4 34. Nxe4 Qe5 35. Rd2 Ng6 36. Bb7 Nf4 37. Kf3 Ne6 38. Rd7+ Kg6 39. Bd5 Nd4+ 40. Kf2 Qf4+ 41. Ke1 Qe3+ 42. Kf1 Qf4+ 43. Ke1 Qc1+ 44. Kf2 Qxb2+ 45. Kg3 Ne2+ 46. Kh2 Qe5+ 47. g3 Qb2 48. Bf7+ Kf5 49. Nd6+ Ke5 50.
Kg2 Nf4+ 51. Kf3 Qe2# 0-1

[Event "Early-Titled-Tuesday-Blitz-June-18-2024"]
[Site "Chess.com"]
[Date "2024.06.18"]
[Round "7"]
[White "Harry_Rakkel"]
[Black "Eduard_Limonov"]
[Result "0-1"]
[WhiteElo "2666"]
[BlackElo "2935"]
[TimeControl "180+1"]
[EndTime "9:20:53 PDT"]
[Termination "Eduard_Limonov won on time"]

1. e4 c6 2. d4 d5 3. e5 c5 4. Nf3 cxd4 5. Nxd4 Nc6 6. Bb5 Bd7 7. e6 fxe6 8. O-O Nf6 9. Re1 Nxd4 10.
Bxd7+ Qxd7 11. Qxd4 g6 12. Nd2 Bg7 13. Nf3 O-O 14. Qh4 Ne4 15. Bh6 Bf6 16. Qg4 Rf7 17. c3 Qb5 18. Qxe6 Qxb2 19. Qxd5 Qxf2+ 20. Kh1 Nxc3 21. Qe6 Qb6 22. Qc4 Qc6 23. Qb3 Qd5 24. Qb4 Nxa2 25. Qa3 Bxa1 26. Rxa1 Rc8 27. Qxa2 Qxa2 28. Rxa2 a6 29.
Kg1 Rf5 30. h4 a5 31. Re2 Rc7 32. Rd2 a4 33. Rd8+ Kf7 34. Ng5+ Rxg5 35. Bxg5 b5 36. Rb8 Rc5 37. Ra8 Ke6 38. Ra7 Kd5 39. Bxe7 Rc6 40.
Kh2 Kc4 41. Kg3 Kb3 42. Kg4 b4 43. Kg5 a3 44. Kh6 a2 45. Bf8 g5+ 46. Kxg5 Rg6+ 47. Kh5 Rxg2 48. Kh6 Rg1 49. Bg7 Rxg7 50. Kxg7 Kb2 51.
Kxh7 b3 52. h5 Kb1 53. h6 b2 54. Kg7 a1=Q 0-1

[Event "Early-Titled-Tuesday-Blitz-June-18-2024"]
[Site "Chess.com"]
[Date "2024.06.18"]
[Round "7"]
[White "IndianSchoolOfSuffering"]
[Black "Rurep26"]
[Result "0-1"]
[WhiteElo "2517"]
[BlackElo "2727"]
[TimeControl "180+1"]
[EndTime "9:20:55 PDT"]
[Termination "Rurep26 won by checkmate"]

1. c4 e5 2. Nc3 Nf6 3. g3 d5 4.
cxd5 Nxd5 5. Bg2 Nb6 6. d3 Nc6 7. Bxc6+ bxc6 8. Nf3 Bd6 9. a4 a5 10. O-O Bh3 11. Re1 O-O 12. Be3 Nd5 13. Ne4 Nxe3 14. fxe3 Qb8 15. Qc2 Qb6 16. d4 h6 17.
Rec1 Bd7 18. Rab1 f5 19. Nc5 Be8 20. Nxe5 Bxe5 21. dxe5 Bh5 22. Qc4+ Kh8 23. Rc3 Rfe8 24. e6 Qa7 25. Rf1 Bg6 26. Rf3 Rab8 27. Nd3 Bh5 28. Nf4 Bxf3 29. exf3 Rxb2 30. Qd3 Qb6 31. Qxf5 Rb1+ 32. Kg2 Qb2+ 33. Kh3 Qxc3 34. Ng6+ Kh7 35. Qxb1 Qf6 36. Nf8+ Kg8 37. Ng6 Qxe6+ 38. g4 Qxe3 39. Qc2 Qxf3+ 40. Kh4 Re2 41. Qc4+ Kh7 42. Nf8+ Kh8 43.
Ng6+ Kh7 44. Nf8+ Qxf8 45. Qxe2 Qf4 46. Qd3+ Kg8 47. Qd8+ Kh7 48. Qd3+ Kg8 49. Qd8+ Kf7 50. Qd7+ Kf8 51. Qc8+ Ke7 52. Qg8 Qxh2# 0-1

[Event "Early-Titled-Tuesday-Blitz-June-18-2024"]
[Site "Chess.com"]
[Date "2024.06.18"]
[Round "7"]
[White "rookpower2004"]
[Black "dosto07"]
[Result "1-0"]
[WhiteElo "2482"]
[BlackElo "2610"]
[TimeControl "180+1"]
[EndTime "9:20:55 PDT"]
[Termination "rookpower2004 won by resignation"]

1. e4 e5 2. Nf3 Nc6 3. Bc4 Bc5 4.
c3 Nf6 5. d3 d6 6. O-O a6 7. a4 Ba7 8. Nbd2 O-O 9. h3 Re8 10.
Re1 Be6 11. Bb3 d5 12. Bc2 h6 13. Qe2 d4 14. Nf1 b5 15. Ng3 b4 16. cxb4 Nxb4 17.
Nxe5 Bxh3 18. Nxf7 Bg4 19. Nxd8 Bxe2 20. Bb3+ Kh7 21.
Rxe2 Raxd8 22. Bc4 a5 23. Bd2 Bc5 24. Nf5 Nd7 25.
Rc1 Bb6 26. Bb5 c6 27. Bxb4 cxb5 28. Be7 Rb8 29. Bd6 Rbc8 30. Rxc8 Rxc8 31. axb5 Rc1+ 32. Kh2 g6 33. Ng3 Rd1 34. e5 Rxd3 35. e6 Nf6 36.
e7 Ne8 37. Ne4 Rb3 38. Be5 Kg8 39. Nf6+ Kf7 40. Nd5 Rxb5 41. Nxb6 Rxb6 42. Bxd4 Rb5 43. Bc3 h5 44. f3 a4 45. Re4 Rb7 46. Rxa4 Rxe7 47.
Ra6 Nc7 48. Rc6 Nd5 49. Bd4 Nf4 50. Rf6+ Ke8 51. Rxf4 Re2 52. Re4+ Rxe4 53. fxe4 Ke7 54. b4 g5 55. Bc5+ Ke6 56. b5 g4 57. b6 h4 58.
g3 h3 59. b7 Ke5 60. b8=Q+ Kxe4 61. Qf4+ Kd3 62. Qxg4 Kd2 63. Qf3 1-0

[Event "Early-Titled-Tuesday-Blitz-June-18-2024"]
[Site "Chess.com"]
[Date "2024.06.18"]
[Round "7"]
[White "kinga2008"]
[Black "Chempiblinka"]
[Result "1-0"]
[WhiteElo "2563"]
[BlackElo "2352"]
[TimeControl "180+1"]
[EndTime "9:20:56 PDT"]
[Termination "kinga2008 won on time"]

1. e4 c5 2. Nf3 Nc6 3. c3 g6 4.
d4 cxd4 5. cxd4 Bg7 6. Nc3 d6 7.
Bc4 Nf6 8. O-O O-O 9. Bg5 Qb6 10. Qd2 Bg4 11. Bxf6 exf6 12. Nd5 Qd8 13. Ne1 Bd7 14. Nc2 f5 15. Qf4 Rc8 16. Qxd6 fxe4 17. Nde3 Qc7 18.
Qxc7 Rxc7 19. Rfd1 Na5 20. Be2 Rfc8 21. Nb4 Ba4 22.
b3 Be8 23. Nbd5 Rd7 24. Bb5 Nc6 25. Rac1 Kf8 26. Rc4 f5 27. Bxc6 bxc6 28. Nb4 Rb7 29. Rdc1 Rb6 30. d5 c5 31. a3 a5 32. Na2 Rxb3 33. g3 Rb2 34. Nc3 Bd4 35. d6 Rd8 36.
Na4 Rxd6 37. Nxb2 Bxb2 38. Rb1 Bxa3 39. Rb8 Bb4 40. Rc2 Ke7 41. Nc4 Rd1+ 42. Kg2 a4 43. Ra2 Rc1 44. Rb7+ Ke6 45. Rb6+ Kf7 46. Ne5+ Ke7 47.
Rb7+ Kd6 48. Nf7+ 1-0

[Event "Early-Titled-Tuesday-Blitz-June-18-2024"]
[Site "Chess.com"]
[Date "2024.06.18"]
[Round "7"]
[White "Oleg_Papayan"]
[Black "Timerkhanov"]
[Result "0-1"]
[WhiteElo "2567"]
[BlackElo "2717"]
[TimeControl "180+1"]
[EndTime "9:20:58 PDT"]
[Termination "Timerkhanov won on time"]

1. d4 d5 2. Nc3 Nf6 3. Bf4 c5 4. e4 dxe4 5. dxc5 Qa5 6. Qd2 Bd7 7. Nxe4 Qxd2+ 8. Nxd2 Nc6 9. Ngf3 Nd5 10. Bg3 e6 11. Ne4 f5 12. Nd6+ Bxd6 13. Bxd6 Nf6 14. Bd3 Nb4 15. Ne5 Nxd3+ 16. cxd3 Bc6 17. Nxc6 bxc6 18.
Kd2 Kd7 19. Rhe1 Nd5 20. Be5 Rhg8 21. h4 g6 22. f4 a6 23. Rg1 h5 24. a3 Ra7 25. b4 Rb7 26. Rgb1 Ra8 27. g3 Rb5 28. d4 Kc8 29. Kd3 a5 30. Kc4 axb4 31. a4 Rba5 32. Kb3 Nc3 33. Rb2 Rxa4 34. Rxa4 Rxa4 35. d5 exd5 36.
Bxc3 bxc3 37. Re2 Re4 38. Ra2 Kb7 39. Kxc3 Re3+ 40. Kd4 Rxg3 41. Ke5 Rf3 42. Kd6 Rxf4 43. Rb2+ Kc8 44. Kxc6 d4 45. Ra2 Kb8 46. Rb2+ Kc8 47.
Ra2 Kd8 48. Ra8+ Ke7 49. Kb7 d3 50. c6 d2 51. c7 Rb4+ 52. Kc6 Rc4+ 53. Kb7 Rxc7+ 54.
Kxc7 d1=Q 0-1

[Event "Early-Titled-Tuesday-Blitz-June-18-2024"]
[Site "Chess.com"]
[Date "2024.06.18"]
[Round "7"]
[White "chess123456s"]
[Black "stasOR4ik"]
[Result "1/2-1/2"]
[WhiteElo "2612"]
[BlackElo "2463"]
[TimeControl "180+1"]
[EndTime "9:20:58 PDT"]
[Termination "Game drawn - insufficient material"]

1. Nf3 d5 2. b3 g6 3. Bb2 Nf6 4. g3 Bg7 5. Bg2 O-O 6. O-O Re8 7. c4 c6 8. d3 Nbd7 9. Nc3 e5 10. cxd5 Nxd5 11.
Nxd5 cxd5 12. e4 Nc5 13. Rc1 dxe4 14. dxe4 Qxd1 15. Rfxd1 Nxe4 16. Rc7 f6 17. Nxe5 Nxf2 18. Bd5+ Be6 19. Bxe6+ Rxe6 20. Rdd7 Bf8 21. Nf3 Ne4 22.
Rxh7 Rd8 23. Rhd7 Rxd7 24. Rxd7 b5 25. Kg2 Nc5 26. Rd2 a6 27. Nd4 Rd6 28. Ba3 Rd5 29. Bb2 Kf7 30. Kf3 Ne6 31. Ke4 Rd7 32. Nf3 f5+ 33. Ke3 Bh6+ 34. Ke2 Bxd2 35. Ne5+ Ke7 36.
Nxd7 Kxd7 37. Kxd2 Kd6 38. Ke3 Kd5 39. Bc3 Ng5 40. Kf4 Ne4 41. Be1 Kd4 42. g4 fxg4 43.
Kxg4 Kd3 44. Kf4 g5+ 45. Kf5 Kd4 46. h3 Ke3 47. Ba5 Kf3 48. Bd8 Nf2 49. Bxg5 Nxh3 50. Bd8 Ke3 51. Ke5 Kd3 52. Kd5 Nf4+ 53. Kc6 Kc3 54. Bf6+ Kb4 55. Be7+ Kc3 56. Kb6 Kb2 57. Kxa6 Kxa2 58. b4 Kb3 59. Kxb5 Nd5 60. Bc5 Nxb4 1/2-1/2

[Event "Early-Titled-Tuesday-Blitz-June-18-2024"]
[Site "Chess.com"]
[Date "2024.06.18"]
[Round "7"]
[White "Acva-Alenok"]
[Black "chezzgirl04"]
[Result "0-1"]
[WhiteElo "2391"]
[BlackElo "2243"]
[TimeControl "180+1"]
[EndTime "9:20:58 PDT"]
[Termination "chezzgirl04 won on time"]

1. d4 d5 2. c4 e6 3. Nf3 Nf6 4. g3 Be7 5. Bg2 O-O 6. O-O b6 7. Ne5 Bb7 8. Nc3 Nbd7 9. Qa4 c5 10. Nxd7 Nxd7 11. cxd5 exd5 12. Nxd5 Bxd5 13. Bxd5 Rc8 14. Bb7 Rc7 15. Bg2 Bf6 16. Bf4 Rc8 17. Bd6 Re8 18.
Bc6 Rxc6 19. Qxc6 Bxd4 20. e3 Bxb2 21. Rad1 Qc8 22. Qxc8 Rxc8 23. Rb1 Be5 24. Rfd1 g6 25. a4 c4 26. Bb4 Nc5 27. Bxc5 Rxc5 28. Rb5 Rxb5 29. axb5 Bb2 30. Kf1 c3 31. Rd8+ Kg7 32. Rc8 Kf6 33. Ke2 Ke6 34. Kd3 Kd7 35. Ra8 Kd6 36.
Rxa7 Kc5 37. Rxf7 Kxb5 38. e4 Kc6 39. f4 b5 40. Rf6+ Kc5 41. Rf8 b4 42. e5 b3 43. e6 Kd6 44. Rb8 c2 45. Rc8 c1=Q 46. Rxc1 Bxc1 0-1

[Event "Early-Titled-Tuesday-Blitz-June-18-2024"]
[Site "Chess.com"]
[Date "2024.06.18"]
[Round "7"]
[White "kyuotbi"]
[Black "Dr_Pepper18"]
[Result "1-0"]
[WhiteElo "2330"]
[BlackElo "2445"]
[TimeControl "180+1"]
[EndTime "9:21:00 PDT"]
[Termination "kyuotbi won by checkmate"]

1. e4 c6 2. d4 d5 3. Nc3 dxe4 4. Nxe4 Bf5 5. Ng3 Bg6 6. h4 h6 7. Nf3 e6 8. Ne5 Bh7 9. Qf3 Nf6 10. Be3 Bxc2 11.
Nh5 Nbd7 12. Rc1 Be4 13. Nxf6+ Nxf6 14. Qf4 g5 15. Qg3 Bb4+ 16. Kd1 g4 17. Nxg4 Bd6 18. Nxf6+ Ke7 19. Qg4 Bf5 20. Qh5 Bf4 21. Ng4 Rg8 22.
Nxh6 Bxh6 23. Qxh6 Qd5 24. Rc5 Qxa2 25. Bg5+ Kd7 26. Qf6 Qb1+ 27. Rc1 Qxb2 28. Qxf7+ Kd6 29. Bf4+ Kd5 30. Qd7+ Ke4 31. Be3 Bg4+ 32. Ke1 Rad8 33. Qh7+ Bf5 34. Qh6 e5 35. dxe5 Qb4+ 36. Bd2 Rxd2 37.
Qxd2 Qb5 38. Bxb5 cxb5 39. Qe3+ Kd5 40. Rc5+ Ke6 41. g3 a6 42. Qd4 Rd8 43. Qxd8 Bd3 44. Qd6+ Kf5 45. Rc7 Kg4 46. Rg7+ Kf3 47. Qf6+ Kg2 48.
Qf4 Be4 49. g4 Bf3 50. Qg3+ Kxh1 51. Kf1 Be2+ 52. Kxe2 b4 53. Kf1 b3 54. Qh3# 1-0

[Event "Early-Titled-Tuesday-Blitz-June-18-2024"]
[Site "Chess.com"]
[Date "2024.06.18"]
[Round "7"]
[White "Vladimir_Zakhartsov"]
[Black "KubaGepard"]
[Result "0-1"]
[WhiteElo "2890"]
[BlackElo "2652"]
[TimeControl "180+1"]
[EndTime "9:21:01 PDT"]
[Termination "KubaGepard won by resignation"]

1. Nf3 d5 2. e3 Nf6 3. c4 dxc4 4. Bxc4 c5 5. b3 Nc6 6. Bb2 g6 7. Ng5 e6 8. Ne4 Be7 9. Qf3 e5 10. Nxf6+ Bxf6 11. Nc3 O-O 12. Ne4 Be7 13. g4 Rb8 14. h4 b5 15. Bd5 Bxg4 16. Bxf7+ Rxf7 17. Qxg4 Nb4 18. h5 g5 19. Kf1 Qd5 20. Bc3 Nd3 21. h6 Nxf2 22. Nxf2 Qxh1+ 23. Ke2 Qh2 24. Qg1 Qh5+ 25.
Ng4 Rbf8 26. Re1 Bd6 27. Kd1 Qg6 28. Kc1 c4 29. Kb2 cxb3 30. axb3 b4 31. Bxe5 Qd3 32. Qg2 Rf2 33. Nxf2 Bxe5+ 34. Kc1 Rc8+ 35. Kd1 Qxb3+ 36. Ke2 Qc4+ 37. d3 Qa2+ 38. Kf1 Bf6 39. Qb7 Rf8 40. Kg1 Bc3 41. Ne4 Qf7 42. Qxf7+ Kxf7 43. Nxc3 bxc3 44. Rc1 Rc8 45. Kf2 a5 46. Rc2 a4 47.
Ke2 a3 48. Kd1 Kg6 49. Ra2 c2+ 50. Rxc2 Rxc2 51. Kxc2 g4 52. d4 g3 53. d5 g2 54. d6 g1=Q 0-1